 Dungeon Crawl Stone Soup version 0.29-a0-1027-gcd8c55af63 (webtiles) character file.

Game seed: 490276831084822149

1388 2tc the Cruncher (level 8, -2/56 HPs)
             Began as a Demonspawn Gladiator on Aug 12, 2022.
             Slain by a steam dragon (3 damage)
             ... on level 6 of the Dungeon.
             The game lasted 00:14:27 (6192 turns).

2tc the Cruncher (Demonspawn Gladiator)             Turns: 6192, Time: 00:14:27

Health: -2/56      AC:  5    Str: 24    XL:     8   Next: 40%
Magic:  8/8        EV: 12    Int: 11    God:
Gold:   351        SH:  0    Dex: 15    Spells: 7/7 levels left

rFire   . . .      SeeInvis .   o - +7 dagger of Ascent {venom, rN+ Str+3}
rCold   . . .      Faith    .   (no shield)
rNeg    + . .      Spirit   .   b - +0 leather armour
rPois   .          Reflect  .   c - +1 helmet
rElec   .          Harm     .   (no cloak)
rCorr   .          Rampage  .   (no gloves)
Will    .....                   (no boots)
Stlth   +.........              (no amulet)
HPRegen 0.18/turn               h - +6 ring of strength
MPRegen 0.11/turn               (no ring)

@: hasted, very quick
A: hooves 1
a: no special abilities


You were on level 6 of the Dungeon.
You visited 1 branch of the dungeon, and saw 6 of its levels.

You collected 351 gold pieces.

Inventory:

Hand Weapons
 a - a +1 quarterstaff
 o - the +7 dagger of Ascent (weapon) {venom, rN+ Str+3}
   (You found it on level 3 of the Dungeon)

   It poisons the flesh of those it strikes.
   Str:       It affects your strength (+3).
   rN:        It protects you from negative energy.
Missiles
 d - 3 throwing nets
 e - a javelin
 k - 8 poisoned darts (quivered)
Armour
 b - a +0 leather armour (worn)
 c - a +1 helmet (worn)
 f - the +2 robe "Yskuc" {Will+ Int+2 Slay-3 Stlth+}
   (You found it on level 2 of the Dungeon)

   Int:       It affects your intelligence (+2).
   Slay:      It affects your accuracy & damage with ranged weapons and melee
   (-3).
   Will:      It increases your willpower.
   Stlth:     It makes you more stealthy.
Magical Staves
 l - a staff of earth
 m - a staff of conjuration
Jewellery
 h - a +6 ring of strength (left hand)
Wands
 n - a wand of flame (43)
 x - a wand of paralysis (5)
Scrolls
 p - 3 scrolls of poison
 u - a scroll of magic mapping {unknown}
 y - a scroll of identify
 z - a scroll of amnesia
Potions
 g - a potion of haste
 i - 4 potions of cancellation
 j - a potion of ambrosia {unknown}
 q - 5 potions of flight
 r - a potion of lignification {unknown}
 s - a potion of curing {unknown}
 t - a potion of brilliance {unknown}
 v - a potion of magic {unknown}
 w - a potion of invisibility


   Skills:
 - Level 2.0 Fighting
 * Level 9.9 Staves
 - Level 1.7 Throwing
 - Level 2.6 Dodging


You had 7 spell levels left.
You didn't know any spells.
Your spell library contained the following spells:

 Spells                   Type           Power      Damage    Failure   Level
 Apportation              Tloc           0%         N/A       38%         1
 Necrotise                Necr           0%         1d4       38%         1
 Summon Small Mammal      Summ           0%         N/A       38%         1
 Call Canine Familiar     Summ           0%         N/A       77%         3
 Conjure Flame            Conj/Fire      0%         6-21      77%         3
 Ignite Poison            Fire/Tmut/Pois 0%         N/A       77%         3
 Inner Flame              Hex/Fire       0%         N/A       77%         3
 Portal Projectile        Hex/Tloc       0%         N/A       77%         3
 Cause Fear               Hex            0%         N/A       99%         4
 Leda's Liquefaction      Hex/Erth       0%         N/A       99%         4
 Sticky Flame             Conj/Fire      0%         2d3       99%         4
 Discord                  Hex            0%         N/A       100%        8


Dungeon Overview and Level Annotations

Branches:
Dungeon (6/15)
 Temple: D:4-7

Altars:
Cheibriados
Kikubaaqudgha
Okawaru
Qazlal
Xom
Yredelemnul

Shops:
D:4 *   D:5 (


Innate Abilities, Weirdness & Mutations

You have large cloven feet.


Message History

The phantom is almost destroyed.
The phantom hits you!
You hit the phantom.
You destroy the phantom!
q - 5 potions of flight (gained 1)
Found a robe.
No target in view!
No target in view!
Found a stone staircase leading down.
A steam dragon comes into view.
Found a stone staircase leading down.
The steam dragon hisses angrily.
Found a stone staircase leading up.
The steam dragon breathes steam at you. The ball of steam hits you!
You closely miss the steam dragon.
You are engulfed in a cloud of scalding steam.
The steam dragon bites you. The steam dragon claws you.
You closely miss the steam dragon.
You are engulfed in a cloud of scalding steam.
The steam dragon breathes steam at you. The ball of steam hits you.
You closely miss the steam dragon. You kick the steam dragon.
The steam dragon is lightly wounded.
You are engulfed in a cloud of scalding steam.
The steam dragon bites you but does no damage.
The steam dragon claws you. The steam dragon bites you!
The steam dragon misses you.
You puncture the steam dragon!
The steam dragon is poisoned.
You kick the steam dragon.
The steam dragon is moderately wounded.
The steam dragon bites you!
* * * LOW HITPOINT WARNING * * *
The steam dragon closely misses you.
It was a potion of haste.
You feel yourself speed up. The steam dragon breathes steam at you.
The ball of steam hits you!
* * * LOW HITPOINT WARNING * * *
The steam dragon bites you.
You die...

.......#....#........[
....#.#....##......##
. ##.......###...####
##.#.......## #.....#
#.........## #...###
##......### #####
#...#...#####
#............##
...##.....@...##
..........D§§§§# .
##..^........#
#......#....##
....##..##...#
........##..## <......
#### #...


You could see a steam dragon (very poisoned, catching breath).

Vanquished Creatures
  Eustachio (D:6)
  Menkaure (D:4)
  3 ogres
  A sky beast (D:6)
  A black bear (D:5)
  A phantom (D:6)
  A necrophage (D:6)
  2 scorpions
  A hound (D:5)
  An orc priest (D:5)
  3 iguanas
  Natasha (thrice) (D:2)
  3 orc wizards
  4 adders
  2 worms
  2 dart slugs
  10 orcs
  10 endoplasms
  7 giant cockroaches
  7 goblins
  7 hobgoblins
  8 jackals
  5 kobolds
  3 quokkas
  8 ball pythons
  8 bats
  2 frilled lizards
  4 rats
109 creatures vanquished.

Vanquished Creatures (others)
  A goblin (D:3)
  A plant (D:1)
2 creatures vanquished.

Grand Total: 111 creatures vanquished

Notes
Turn   | Place    | Note
-------+----------+-------------------------------------------
     0 | D:1      | 2tc the Demonspawn Gladiator began the quest for the Orb.
     0 | D:1      | Reached XP level 1. HP: 16/16 MP: 1/1
    87 | D:1      | Reached skill level 3 in Staves
   472 | D:1      | Gained mutation: You have large cloven feet. [demonic
                  | ancestry]
   472 | D:1      | Reached XP level 2. HP: 21/22 MP: 2/2
   819 | D:1      | Reached XP level 3. HP: 21/27 MP: 3/3
  1028 | D:1      | Found a faded altar of an unknown god.
  1117 | D:1      | Reached skill level 4 in Staves
  1422 | D:2      | Reached XP level 4. HP: 32/33 MP: 4/4
  1433 | D:2      | Identified the +2 robe "Yskuc" {Will+ Int+2 Slay-3 Stlth+}
  1445 | D:2      | Found a shimmering altar of Xom.
  1686 | D:2      | Noticed Natasha
  1762 | D:2      | Identified a scroll of acquirement
  1762 | D:2      | Acquired a staff of conjuration
  1861 | D:2      | Killed Natasha
  1862 | D:2      | Reached skill level 5 in Staves
  2014 | D:2      | Noticed Natasha
  2159 | D:2      | Killed Natasha
  2160 | D:2      | Reached XP level 5. HP: 30/38 MP: 5/5
  2160 | D:2      | Noticed Natasha
  2469 | D:2      | Killed Natasha
  2787 | D:3      | Identified the +7 dagger of Ascent {venom, rN+ Str+3}
  2880 | D:3      | Found a stormy altar of Qazlal.
  3093 | D:3      | Reached skill level 6 in Staves
  3386 | D:3      | Reached XP level 6. HP: 40/44 MP: 6/6
  3927 | D:4      | Found Xoweesus's Overcharged Wands.
  3938 | D:4      | Noticed Menkaure
  3964 | D:4      | Killed Menkaure
  3965 | D:4      | Reached skill level 7 in Staves
  4501 | D:5      | Entered Level 5 of the Dungeon
  4545 | D:5      | Reached XP level 7. HP: 50/50 MP: 7/7
  4808 | D:5      | Reached skill level 8 in Staves
  4828 | D:5      | Found a basalt altar of Yredelemnul.
  5156 | D:5      | Found an iron altar of Okawaru.
  5164 | D:5      | Found a snail-covered altar of Cheibriados.
  5171 | D:5      | Found an ancient bone altar of Kikubaaqudgha.
  5458 | D:5      | Found Plog's Weapon Boutique.
  5655 | D:6      | Reached skill level 9 in Staves
  5655 | D:6      | Reached XP level 8. HP: 47/56 MP: 8/8
  5768 | D:6      | Noticed Eustachio
  5794 | D:6      | Killed Eustachio
  6191 | D:6      | HP: 1/56 [steam dragon/ball of steam (10)]
  6192 | D:6      | Slain by a steam dragon

Illustrated notes

Levels and vault maps discovered:
D:1:      ncdulo_smallfort, layout_loops_ring, serial_forest,
          infiniplex_forest_lined_3_way, infiniplex_forest_corner_1,
          infiniplex_forest_straight_5, infiniplex_forest_lined_3,
          infiniplex_forest_clump_small, infiniplex_forest_clump_C,
          infiniplex_forest_end_double, shapermc_ecumenical_altar_notcrosses
D:2:      layout_loops_ring, basic_altar, uniq_natasha
D:3:      layout_loops_cross, grunt_qazlal_clouds
D:4:      layout_basic, nicolae_shop_overcharged_wands, uniq_menkaure
D:5:      layout_gridville, mainiacjoe_overflow_cross_hatched,
          nicolae_overflow_quartered_altars, serial_shops,
          nicolae_shop_competitors_out_of_business
D:6:      layout_cave_pools, uniq_eustachio

Skill      XL: |  1  2  3  4  5  6  7 |
---------------+----------------------+-----
Staves         | 3 4 5 6 7 9 |  9.9
Fighting       | |  2.0
Throwing       | |  1.7
Dodging        | |  2.6

Action                   |  1- 3 |  4- 6 |  7- 9 || total
-------------------------+-------+-------+-------++-------
Melee: Quarterstaff      |    98 |    53 |       ||   151
       Kick              |    14 |    25 |    20 ||    59
       Dagger            |       |    76 |    65 ||   141
Throw: Dart              |       |     1 |     8 ||     9
Evoke: Wand              |       |     6 |     4 ||    10
  Use: Scroll            |     4 |     4 |     4 ||    12
       Potion            |     1 |     1 |     1 ||     3
 Stab: Sleeping          |     1 |       |       ||     1
       Paralysed         |       |       |     3 ||     3
Armor: Leather armour    |    36 |    25 |    17 ||    78
Dodge: Dodged            |    72 |    58 |    39 ||   169

Table legend: (Time is in decaauts)
 A = Elapsed time spent in this place.
 B = Non-inter-level travel time spent in this place.
 C = Inter-level travel time spent in this place.
 D = Time resting spent in this place.
 E = Time spent auto-exploring this place.
 F = Levels seen in this place.
 G = Mean time per level.
                   A        B        C        D        E       F      G
               +--------+--------+--------+--------+--------+-----+--------+
         Total |   6208 |   6103 |    105 |    530 |   4733 |   6 | 1034.7 |
       Dungeon |   6208 |   6103 |    105 |    530 |   4733 |   6 | 1034.7 |
               +--------+--------+--------+--------+--------+-----+--------+

Top non-repeatable levels by time:
     D:1: 1755 daAuts
     D:5: 1105 daAuts
     D:2: 1022 daAuts
     D:3: 874 daAuts
     D:4: 866 daAuts
     D:6: 584 daAuts
